 Dungeon Crawl Stone Soup version 0.16.0-17-g811c1d7 (console) character file.

1287 gw the Cudgeler (level 8, -11/49 HPs)
             Began as a Gargoyle Gladiator on Mar 21, 2015.
             Was an Elder of Zin.
             Mangled by a death yak (14 damage)
             ... on level 8 of the Dungeon.
             The game lasted 00:08:42 (6664 turns).

gw the Cudgeler (Gargoyle Gladiator)                Turns: 6664, Time: 00:08:42

Health: -11/49     AC: 20    Str: 20    XL:     8   Next: 55%
Magic:  8/8        EV:  7    Int: 10    God:    Zin [****..]
Gold:   65         SH:  0    Dex: 19    Spells: 0 memorised, 7 levels left

rFire  . . .     SeeInvis +     a - +1 flail
rCold  . . .     Clarity  .     l - +0 plate armour
rNeg   + . .     SustAb   .     (no shield)
rPois  ∞         Gourm    .     c - +0 helmet
rElec  +         Spirit   .     n - +0 cloak
rCorr  .         Warding  .     x - +0 pair of gloves "Sicoviul" {Dex+3}
rMut   .         Stasis   .     (no boots)
MR     .....                    w - amulet of faith
Stlth  ..........               A - ring of see invisible
                                g - +3 ring of dexterity

@: vitalised, not resistant to hostile enchantments, extremely unstealthy
A: negative energy resistance 1, electricity resistance, unbreathing,
petrification resistance, rot immunity, AC +5
a: Recite, Vitalisation, Imprison, Renounce Religion


You were on level 8 of the Dungeon.
You worshipped Zin.
Zin was greatly pleased with you.
You were very hungry.

You visited 1 branch of the dungeon, and saw 8 of its levels.

You collected 422 gold pieces.
You donated 357 gold pieces to Zin.

Inventory:

Hand weapons
 a - a +1 flail (weapon)
Missiles
 d - 5 throwing nets
 i - 15 poisoned needles
 q - 198 stones
 u - a tomahawk (quivered)
Armour
 c - a +0 helmet (worn)
 l - a +0 plate armour (worn)
 n - a +0 cloak (worn)
 x - the +0 pair of gloves "Sicoviul" (worn) {Dex+3}
   (You found it on level 7 of the Dungeon)

   It affects your dexterity (+3).
Jewellery
 g - a +3 ring of dexterity (left hand)
 w - an amulet of faith (around neck)
 A - a ring of see invisible (right hand)
Magical devices
 e - a wand of fireball (5)
 j - a wand of digging (9)
 y - a wand of frost (29)
 z - a wand of slowing (20)
 B - a wand of paralysis (19)
Scrolls
 b - 9 scrolls of remove curse
 r - 3 scrolls of identify
 s - a scroll of magic mapping
Potions
 h - a potion of cancellation
 m - 6 potions of curing
 v - a potion of beneficial mutation {unknown}
Comestibles
 f - 7 bread rations
 k - a slice of pizza
 o - 6 fruits
 p - 6 meat rations
 t - 7 beef jerkies


   Skills:
 + Level 5.2 Fighting
 * Level 7.3 Maces & Flails
 + Level 4.5 Throwing
 + Level 4.6 Armour
 - Level 2.4 Dodging


You had 7 spell levels left.
You didn't know any spells.

Dungeon Overview and Level Annotations

Branches:
Dungeon (8/15)             Temple (0/1) D:6
   Lair: D:8-11

Altars:
Ashenzari
Fedhas
Gozag
Makhleb
Nemelex Xobeh
Ru
Sif Muna
Vehumet
Xom
Zin

Shops:
D:5 (   D:6 }

Portals:
Bailey: D:8


Innate Abilities, Weirdness & Mutations

You are resistant to torment.
You are immune to poison.
Your stone body is very resilient (AC +5).
You resist negative energy.
You are resistant to electric shocks.
You can survive without breathing.
You are immune to petrification.
You are immune to rotting.


Message History

Unknown command.
Unknown command.
MOVING TO (1,1) Unknown command.
Unknown command.
Unknown command.
MOVING TO (-1,-8)
The death yak gores you but does no damage.
Unknown command.
Unknown command.
Unknown command.
MOVING TO (-2,-7)
You open the door. The scorpion stings you. The death yak gores you!!
Zin protects you from harm!
Unknown command.
Unknown command.
Unknown command.
MOVING TO (-2,-6)
The death yak gores you!
You die...

...............+..
...............#...#
'##............#...#
..#...[........#...#
..'............#...#
..#............#...#
..#............#...#
..#............'...#
..#............#9####
..#............Ys...#
..#.................#
..#.................#
..+.................#
......!.......#
..#+######### .


You could see a death yak and a scorpion.

Table legend:
 A = Turns spent in this place as a percentage of turns spent in the entire game.
 B = Non-inter-level travel turns spent in this place as a percentage of non-inter-level travel turns spent in the entire game.
 C = Inter-level travel turns spent in this place as a percentage of turns spent in this place.
 D = Turns resting spent in this place as a percentage of non-inter-level travel turns spent in this place.
 E = Turns spent auto-exploring this place as a percentage of non-inter-level travel turns spent in this place.
 F = Non-inter-level travel turns spent in this place divided by the number of levels of this place that you've seen.
                   A       B       C       D       E      F
               +-------+-------+-------+-------+-------+----------------------
         Total | 100.0 | 100.0 |   0.4 |   0.8 |   2.7 | 1311.9
       Dungeon | 100.0 | 100.0 |   0.4 |   0.8 |   2.7 | 1311.9
               +-------+-------+-------+-------+-------+----------------------

Table legend:
 A = Kills in this place as a percentage of kills in entire the game.
 B = Kills by you in this place as a percentage of kills by you in the entire game.
 C = Kills by friends in this place as a percentage of kills by friends in the entire game.
 D = Other kills in this place as a percentage of other kills in the entire game.
 E = Experience gained in this place as a percentage of experience gained in the entire game.
 F = Experience gained in this place divided by the number of levels of this place that you have seen.
                   A       B       C       D       E      F
               +-------+-------+-------+-------+-------+----------------------
         Total | 100.0 | 100.0 |  -nan |  -nan | 100.0 | 229.9
       Dungeon | 100.0 | 100.0 |  -nan |  -nan | 100.0 | 229.9
               +-------+-------+-------+-------+-------+----------------------

Vanquished Creatures
  Grinder (D:6)
  3 ogres
  A giant frog (D:6)
  5 hounds
  A crimson imp (D:4)
  A jelly (D:3)
  5 iguanas
  2 orc priests
  3 worker ants
  A hound zombie (D:6)
  A hound skeleton (D:4)
  A worker ant zombie (D:5)
  7 gnolls
  7 adders
  A giant mite (D:3)
  A worm (D:4)
  An adder skeleton (D:6)
  5 giant geckos
  An ooze (D:3)
  7 orcs
  A ball python (D:7)
  12 bats
  A bat skeleton (D:4)
  9 hobgoblins
  4 giant cockroaches
  2 giant newts (D:5)
  17 goblins
  5 jackals
  12 kobolds
  A quokka skeleton (D:3)
  A quokka zombie (D:6)
  13 rats
  A ballistomycete (D:7)
134 creatures vanquished.

Vanquished Creatures (others)
  A giant spore (D:7)
1 creature vanquished.

Grand Total: 135 creatures vanquished

Notes
Turn   | Place    | Note
--------------------------------------------------------------
     0 | D:1      | gw, the Gargoyle Gladiator, began the quest for the Orb.
     0 | D:1      | Reached XP level 1. HP: 12/12 MP: 1/1
   302 | D:1      | Reached XP level 2. HP: 9/18 MP: 2/2
   710 | D:1      | Reached XP level 3. HP: 22/22 MP: 3/3
  1498 | D:2      | Reached skill level 1 in Armour
  1607 | D:2      | You fall through a shaft!
  1720 | D:3      | Found a radiant altar of Vehumet.
  1747 | D:3      | Reached skill level 4 in Maces & Flails
  1747 | D:3      | Reached XP level 4. HP: 18/27 MP: 4/4
  1934 | D:3      | Noticed an ogre
  1960 | D:3      | Killed an ogre
  1960 | D:3      | Reached XP level 5. HP: 30/32 MP: 5/5
  2955 | D:4      | Reached skill level 5 in Maces & Flails
  2955 | D:4      | Reached XP level 6. HP: 37/37 MP: 6/6
  3113 | D:4      | Found a sparkling altar of Nemelex Xobeh.
  3299 | D:4      | Found a burning altar of Makhleb.
  3451 | D:4      | Reached XP level 7. HP: 38/43 MP: 7/7
  3631 | D:5      | Entered Level 5 of the Dungeon
  3631 | D:5      | Found Guloydgh's Weapon Boutique.
  3824 | D:5      | Found a glowing silver altar of Zin.
  3900 | D:5      | Became a worshipper of Zin the Law-Giver
  3900 | D:5      | Acquired Zin's first power
  3951 | D:5      | Acquired Zin's second power
  4041 | D:5      | Found a deep blue altar of Sif Muna.
  4265 | D:6      | Found an opulent altar of Gozag.
  4405 | D:6      | Found Plesag's Gadget Emporium.
  4424 | D:6      | Reached skill level 6 in Maces & Flails
  4548 | D:6      | Found a staircase to the Ecumenical Temple.
  4893 | D:6      | Found a sacrificial altar of Ru.
  4925 | D:6      | Acquired Zin's third power
  4996 | D:6      | Noticed Grinder
  5002 | D:6      | Killed Grinder
  5002 | D:6      | Reached XP level 8. HP: 48/48 MP: 8/8
  5289 | D:7      | Got a pair of twisted gloves
  5300 | D:7      | Identified the +0 pair of gloves "Sicoviul" {Dex+3} (You found it on level 7 of the Dungeon)
  5327 | D:7      | Found a sparkling altar of Nemelex Xobeh.
  5373 | D:7      | Reached skill level 5 in Fighting
  5439 | D:7      | Reached skill level 7 in Maces & Flails
  6160 | D:5      | Donated 180 gold pieces to Zin
  6161 | D:5      | Donated 90 gold pieces to Zin
  6162 | D:5      | Donated 45 gold pieces to Zin
  6509 | D:8      | Found a shimmering altar of Xom.
  6519 | D:8      | Noticed a death yak
  6550 | D:8      | Found a shattered altar of Ashenzari.
  6550 | D:8      | Found a blossoming altar of Fedhas.
  6597 | D:8      | Found a flagged portal.
  6663 | D:8      | Zin protects you from harm!
  6664 | D:8      | Mangled by a death yak

Action                   |  1- 3 |  4- 6 |  7- 9 || total
-------------------------+-------+-------+-------++-------
Melee: Flail             |    98 |   113 |   118 ||   329
Throw: Stone             |    42 |    75 |     4 ||   121
       Tomahawk          |       |       |    46 ||    46
Invok: Vitalisation      |       |       |     4 ||     4
       Recite            |       |       |     1 ||     1
  Use: Potion            |     5 |     3 |     5 ||    13
       Scroll            |     3 |     2 |     6 ||    11
  Eat: Chunk             |     2 |     6 |     7 ||    15
       Fruit             |       |       |     1 ||     1

Vault maps used:
D:1:      dpeg_arrival_short_road
D:2:      gammafunk_temple_overflow_claw
D:3:      lemuel_doored_altar, first_bread
D:4:      nicolae_overflow_crystal_walls, lightli_temple_of_fire
D:5:      nicolae_overflow_hidden_temple, serial_shops, nicolae_shop_trees,
          basic_altar
D:6:      grunt_gozag_breadcrumbs, lemuel_crystal_altar,
          minmay_temple_entry_trees, serial_shops, nicolae_shop_crystal,
          uniq_grinder
D:7:      grunt_ogre_cave, nemelex_spade_bored_becter
D:8:      kennysheep_mini_moat, gammafunk_temple_overflow_forgotten,
          dpeg_lair_monsters, enter_bailey_2, minmay_misc_feat_x,
          baited_tele_trap, uniq_erolcha
